 Dungeon Crawl Stone Soup version 0.30-a0-358-g0d69a1922f (webtiles) character file.

Game seed: 17347687225068352611

125 koil the Sneak (level 4, -3/32 HPs)
             Began as a Vampire Enchanter on Nov 10, 2022.
             Killed by nerve-wracking pain
             ... invoked by an orc priest
              (12 damage)
             ... on level 3 of the Dungeon.
             The game lasted 00:05:23 (1934 turns).

koil the Sneak (Vampire Enchanter)                  Turns: 1934, Time: 00:05:24

Health: -3/32      AC:  6    Str:  7    XL:     4   Next: 82%
Magic:  3/7        EV: 12    Int: 22    God:
Gold:   47         SH:  0    Dex: 14    Spells: 3/8 levels left

rFire   . . .      SeeInvis +    a - +1 dagger
rCold   + . .      Faith    .    (no shield)
rNeg    . . .      Spirit   .    o - +1 robe of Gehenna {rElec rC+ rCorr Int+3}
rPois   .          Reflect  .    (no helmet)
rElec   +          Harm     .    (no cloak)
rCorr   +          Rampage  .    d - +2 pair of gloves
Will    .....                    (no boots)
Stlth   +++.......               (no amulet)
HPRegen 0.45/turn                (no ring)
MPRegen 0.10/turn                (no ring)

@: healing quickly
A: alive, fangs 3, see invisible, vampiric 2
a: Exsanguinate


You were on level 3 of the Dungeon.
You visited 1 branch of the dungeon, and saw 3 of its levels.

You collected 47 gold pieces.

Inventory:

Hand Weapons
 a - a +1 dagger (weapon)
 n - a +2 sling of draining
Missiles
 q - 3 poisoned darts (quivered)
 r - 4 atropa-tipped darts
Armour
 b - a +0 robe
 d - a +2 pair of gloves (worn)
 m - the +2 robe of Sujaquog {rF+}
   (You took it off a hobgoblin on level 2 of the Dungeon)

   rF:        It protects you from fire.
 o - the +1 robe of Gehenna (worn) {rElec rC+ rCorr Int+3}
   (You found it on level 2 of the Dungeon)

   Int:       It affects your intelligence (+3).
   rC:        It protects you from cold.
   rElec:     It insulates you from electricity.
   rCorr:     It protects you from acid and corrosion.
Scrolls
 e - a scroll of brand weapon {unknown}
 f - 4 scrolls of identify {unknown}
 i - 2 scrolls of teleportation {unknown}
 j - a scroll of enchant weapon {unknown}
 l - a scroll of summoning {unknown}
Potions
 c - 2 potions of invisibility
 g - 2 potions of ambrosia {unknown}
 h - a potion of cancellation {unknown}
 k - a potion of haste {unknown}
 p - a potion of berserk rage {unknown}


   Skills:
 + Level 1.1 Fighting
 + Level 2.1 Short Blades
 - Level 1.0 Armour
 + Level 2.8 Dodging
 + Level 5.2 Stealth
 + Level 2.5 Spellcasting
 + Level 5.1 Hexes
 + Level 0.8 Ice Magic


You had 3 spell levels left.
You knew the following spells:

 Your Spells              Type           Power      Damage    Failure   Level
a - Confusing Touch       Hex            25%        N/A       4%          3
b - Ensorcelled Hibernat  Hex/Ice        30%        N/A       6%          2

Your spell library contained the following spells:

 Spells                   Type           Power      Damage    Failure   Level
 Tukima's Dance           Hex            25%        N/A       4%          3
 Freeze                   Ice            24%        1d4       10%         1
 Dazzling Flash           Conj/Hex       28%        N/A       14%         3
 Hailstorm                Conj/Ice       4%         3d4       32%         3
 Metabolic Englaciation   Hex/Ice        7%         N/A       71%         5
 Ice Form                 Ice/Tmut       4%         N/A       73%         4


Dungeon Overview and Level Annotations

Branches:
Dungeon (3/15)

Altars:


Innate Abilities, Weirdness & Mutations

Your natural rate of healing is accelerated.
You have razor-sharp teeth.
You have supernaturally acute eyesight. (SInv)
You are afflicted with vampirism and can become a bat while bloodless.


Message History

Confirm with . or Enter, or press ? or * to list all spells.
You don't have enough magic to cast this spell.
Unknown command.
Unknown command.
The orc priest misses you.
Your magical contamination has completely faded away.
You hit the orc priest but do no damage.
The orc priest hits you with a +0 whip.
You hit the orc priest but do no damage.
The orc priest hits you with a +0 whip.
You hit the orc priest but do no damage.
You bite the orc priest.
The orc priest is lightly wounded.
The orc priest hits you with a +0 whip.
You barely miss the orc priest.
The orc priest is lightly wounded.
The orc priest miscasts a cantrip.
You hit the orc priest.
The orc priest is moderately wounded.
The orc priest hits you with a +0 whip.
You hit the orc priest but do no damage.
The orc priest is moderately wounded.
The orc priest closely misses you.
You hit the orc priest.
The orc priest is heavily wounded.
The orc priest hits you but does no damage.
You hit the orc priest but do no damage.
The orc priest is heavily wounded.
You hit the orc priest but do no damage.
The orc priest is heavily wounded.
The orc priest hits you with a +0 whip.
You hit the orc priest but do no damage.
The orc priest is heavily wounded.
The orc priest hits you with a +0 whip.
* * * LOW HITPOINT WARNING * * *
You hit the orc priest but do no damage.
The orc priest is heavily wounded.
The orc priest mumbles some strange prayers to Beogh against you.
Pain shoots through your body!
You die...

... #. #.. #) #.#
###. #.# ... #.# ..
#.########
#.###........##
#.#.(.........#####
#o@)#####.......†.#
##.##.....##.####.#
#..#..<.#..#..# #.#
#..#.......#..# #.#
#....#._.<.#..# #.#
#..#.......#..# #.#
#..#..<.#..#..# #.#
##.##...†.##.## #.#
#..#####....# #.#


You could see an orc priest.

Vanquished Creatures
  An orc wizard (D:3)
  3 adders (D:2)
  6 dart slugs
  An orc (D:3)
  2 endoplasms (D:1)
  3 giant cockroaches
  12 hobgoblins
  5 kobolds
  3 quokkas
  2 ball pythons
  5 bats
  4 frilled lizards
  6 goblins
  7 rats
60 creatures vanquished.

Notes
Turn   | Place    | Note
-------+----------+-------------------------------------------
     0 | D:1      | koil the Vampire Enchanter began the quest for the Orb.
     0 | D:1      | Reached XP level 1. HP: 13/13 MP: 3/3
   130 | D:1      | Reached XP level 2. HP: 8/19 MP: 5/5
   398 | D:1      | Gained mutation: You are afflicted with vampirism and can
                  | become a bat while bloodless. [Vampire growth]
   398 | D:1      | Reached XP level 3. HP: 25/25 MP: 6/6
   747 | D:1      | Got the Precepts of Graupel
   866 | D:2      | Learned a level 3 spell: Confusing Touch
   869 | D:2      | Learned a level 2 spell: Ensorcelled Hibernation
   999 | D:2      | Reached skill level 5 in Stealth
  1231 | D:2      | Identified the +2 robe of Sujaquog {rF+}
  1352 | D:2      | Reached XP level 4. HP: 31/31 MP: 7/7
  1376 | D:2      | Reached skill level 1 in Fighting
  1413 | D:2      | Reached skill level 1 in Armour
  1418 | D:2      | Identified the +1 robe of Gehenna {rElec rC+ rCorr Int+3}
  1472 | D:2      | Reached skill level 5 in Hexes
  1865 | D:3      | Found a faded altar of an unknown god.
  1934 | D:3      | Killed from afar by an orc priest

Illustrated notes

Levels and vault maps discovered:
D:1:      sevenhm_arrival_forest_fort_small_5, layout_basic,
          hangedman_decor_peaks_small
D:2:      layout_basic, moated_statue, kennysheep_path_1, serial_bayou_ford_a,
          dreamdust_mushroom_princess
D:3:      layout_loops_ring, chequers_temple_overflow_minitemple,
          nicolae_ecumenical_pavilion

Skill      XL: |  1  2  3  4 |
---------------+-------------+-----
Stealth        | 5 |  5.2
Fighting       | 1 |  1.1
Armour         | 1 |  1.0
Hexes          | 5 |  5.1
Short Blades   | 2 |  2.1
Dodging        | |  2.8
Spellcasting   | |  2.5
Ice Magic      | |  0.8

Action                   |  1- 3 |  4- 6 || total
-------------------------+-------+-------++-------
Melee: Dagger            |   147 |    70 ||   217
       Bite              |     8 |     3 ||    11
       Punch             |     2 |       ||     2
 Cast: Confusing Touch   |       |     1 ||     1
 Stab: Sleeping          |    14 |     4 ||    18
       Distracted        |     1 |       ||     1
       Confused          |       |     1 ||     1
Armor: Robe              |    32 |    21 ||    53
Dodge: Dodged            |    75 |    48 ||   123

Table legend: (Time is in decaauts)
 A = Elapsed time spent in this place.
 B = Non-inter-level travel time spent in this place.
 C = Inter-level travel time spent in this place.
 D = Time resting spent in this place.
 E = Time spent auto-exploring this place.
 F = Levels seen in this place.
 G = Mean time per level.
                   A        B        C        D        E       F      G
               +--------+--------+--------+--------+--------+-----+--------+
         Total |   1936 |   1866 |     70 |      0 |   1400 |   3 |  645.3 |
       Dungeon |   1936 |   1866 |     70 |      0 |   1400 |   3 |  645.3 |
               +--------+--------+--------+--------+--------+-----+--------+

Top non-repeatable levels by time:
     D:2: 1061 daAuts
     D:1: 808 daAuts
     D:3: 66 daAuts
